 Dungeon Crawl Stone Soup version 0.24.0-29-g8ce449bc06 (webtiles) character file.

Game seed: 4535462752784651439, levelgen mode: deterministic

102019 FishyPogo the Nimble (level 16, -4/127 HPs)
             Began as a Gnoll Monk on Nov 16, 2019.
             Was a High Priest of Qazlal.
             Killed from afar by a nagaraja (27 damage)
             ... with an orb of energy
             ... on level 3 of the Snake Pit.
             The game lasted 02:43:09 (23525 turns).

FishyPogo the Nimble (Gnoll Monk)                  Turns: 23525, Time: 02:43:10

Health: -4/127     AC: 21    Str: 16      XL:     16   Next: 32%
Magic:  23/27      EV: 21    Int: 14      God:    Qazlal [*****.]
Gold:   2712       SH: 11    Dex: 20 (21) Spells: 4/36 levels left

rFire    . . .     SeeInvis .   a - +7 mace "Ygoaceme" {crush, +Rage rC++ MR+ Stlth-}
rCold    + + +     Gourm    .   (no shield)
rNeg     . . .     Faith    .   Y - +2 ring mail {rPois}
rPois    +         Spirit   .   W - +2 helmet
rElec    +         Reflect  .   F - +1 cloak of Starlight {rElec rC+ EV+4 Stlth--}
rCorr    +         Harm     .   f - +0 pair of gloves
MR       ++...                  g - +0 pair of boots
Stlth    +.........             A - amulet of magic regeneration
HPRegen  0.31/turn              t - ring of resist corrosion
MPRegen  0.45/turn              (no ring)

@: protected from physical damage, constricted, repel missiles
A: distributed training, fangs 1, large bone plates 1, deterioration 1, low mp
1, strong nose
a: Upheaval, Elemental Force, Disaster Area, Renounce Religion, Evoke Berserk
Rage


You were on level 3 of the Snake Pit.
You worshipped Qazlal.
Qazlal was extremely pleased with you.
You were not hungry.

You visited 4 branches of the dungeon, and saw 24 of its levels.
You visited the Abyss 1 time.
You also visited: Ossuary.

You collected 2712 gold pieces.

Inventory:

Hand Weapons
 a - the +7 mace "Ygoaceme" (weapon) {crush, +Rage rC++ MR+ Stlth-}
   (You found it on level 7 of the Dungeon)

   It inflicts extra damage upon your enemies.
   It greatly protects you from cold.
   It affects your resistance to hostile enchantments.
   It lets you go berserk.
   It makes you less stealthy.
 j - the +2 glaive of the Firefly {elec, rC+ rN++ Int+3 Dex-4}
   (You found it on level 3 of the Snake Pit)

   Occasionally, upon striking a foe, it will discharge some electrical energy
   and cause terrible harm.
   It affects your intelligence (+3).
   It affects your dexterity (-4).
   It protects you from cold.
   It greatly protects you from negative energy.
Missiles
 k - 29 boomerangs (quivered)
 C - 4 silver javelins
 L - 59 poisoned darts
 V - 3 curare-tipped darts
Armour
 f - a +0 pair of gloves (worn)
 g - a +0 pair of boots (worn)
 l - a +2 shield of reflection
 F - the +1 cloak of Starlight (worn) {rElec rC+ EV+4 Stlth--}
   (You found it on level 4 of the Lair of Beasts)

   It affects your evasion (+4).
   It protects you from cold.
   It insulates you from electricity.
   It makes you much less stealthy.
 W - a +2 helmet (worn)
 Y - a +2 ring mail of poison resistance (worn)
 Z - the +3 leather armour of Yredelemnul's Hatred {rF+ Int+9}
   (You found it on level 2 of the Lair of Beasts)

   It affects your intelligence (+9).
   It protects you from fire.
Magical Staves
 b - an uncursed staff of wizardry
 X - an uncursed staff of poison
Jewellery
 t - a ring of resist corrosion (left hand)
 A - an amulet of magic regeneration (around neck)
Wands
 s - a wand of paralysis (11)
 u - a wand of flame (18)
 x - a wand of acid (8)
 D - a wand of clouds (5)
 G - a wand of digging (6)
 M - a wand of scattershot (8)
 N - a wand of enslavement (37)
 S - a wand of iceblast (10)
Scrolls
 d - 2 scrolls of enchant armour
 e - 12 scrolls of identify
 h - 7 scrolls of remove curse
 n - 5 scrolls of fear
 y - 4 scrolls of teleportation
 B - a scroll of blinking
 E - 2 scrolls of brand weapon
 K - 2 scrolls of immolation
 O - 2 scrolls of summoning
 P - 4 scrolls of magic mapping
 T - 2 scrolls of enchant weapon
 U - 3 scrolls of holy word
Potions
 i - 3 potions of ambrosia
 m - a potion of invisibility
 o - 4 potions of magic
 p - a potion of resistance
 q - 2 potions of cancellation
 r - 7 potions of curing
 v - 3 potions of heal wounds
 w - 3 potions of flight
 z - 6 potions of lignification
 H - a potion of haste
 J - a potion of berserk rage
 Q - a potion of agility
 R - a potion of might
Comestibles
 c - 31 rations


   Skills:
 + Level 12.2 Fighting
 + Level 10.5 Short Blades
 + Level 10.5 Long Blades
 + Level 10.5 Axes
 + Level 10.5 Maces & Flails
 + Level 12.2 Polearms
 + Level 10.5 Staves
 + Level 10.5 Slings
 + Level 10.5 Bows
 + Level 10.5 Crossbows
 + Level 10.5 Throwing
 + Level 10.5 Armour
 + Level 12.2 Dodging
 + Level 11.3 Stealth
 + Level 10.5 Shields
 + Level 10.5 Unarmed Combat
 + Level 10.5 Spellcasting
 + Level 8.9 Conjurations
 + Level 8.9 Hexes
 + Level 8.9 Charms
 + Level 8.9 Summonings
 + Level 8.9 Necromancy
 + Level 8.9 Translocations
 + Level 8.9 Transmutations
 + Level 8.9 Fire Magic
 + Level 8.9 Ice Magic
 + Level 8.9 Air Magic
 + Level 8.9 Earth Magic
 + Level 8.9 Poison Magic
 + Level 11.4 Invocations
 + Level 10.5 Evocations


You had 4 spell levels left.
You knew the following spells:

 Your Spells              Type           Power        Failure   Level  Hunger
a - Throw Icicle          Conj/Ice       ####....     4%          4    ###....
b - Apportation           Tloc           ####..       1%          1    None
c - Confuse               Hex            ####....     1%          3    #......
j - Summon Forest         Summ/Tloc      ####......   12%         5    #####..
p - Summon Mana Viper     Hex/Summ       ####....     12%         5    #####..
u - Yara's Violent Unrav  Hex/Tmut       ####......   12%         5    #####..
y - Summon Ice Beast      Ice/Summ       ####....     4%          4    ###....
z - Summon Demon          Summ           ####......   12%         5    #####..

Your spell library contained the following spells:

 Spells                   Type           Power        Failure   Level  Hunger
 Confusing Touch          Hex            ####..       1%          1    None
 Freeze                   Ice            ####         1%          1    None
 Sandblast                Erth           ####..       1%          1    None
 Summon Butterflies       Summ           ####....     1%          1    None
 Blink                    Tloc           N/A          1%          2    None
 Passwall                 Tmut/Erth      ####....     1%          2    None
 Poisonous Vapours        Pois/Air       ####..       1%          2    None
 Shroud of Golubria       Chrm/Tloc      ####..       1%          2    None
 Throw Frost              Conj/Ice       ####..       1%          2    None
 Gell's Gravitas          Tloc           ####......   1%          3    #......
 Ignite Poison            Fire/Tmut/Pois ####....     1%          3    #......
 Lesser Beckoning         Tloc           ####......   1%          3    #......
 Mephitic Cloud           Conj/Pois/Air  ####....     1%          3    #......
 Ozocubu's Armour         Chrm/Ice       ####....     1%          3    #......
 Recall                   Summ/Tloc      N/A          1%          3    #......
 Stone Arrow              Conj/Erth      ####..       1%          3    #......
 Teleport Other           Tloc           ####....     1%          3    #......
 Tukima's Dance           Hex            ####....     1%          3    #......
 Cause Fear               Hex            ####......   4%          4    ###....
 Passage of Golubria      Tloc           N/A          4%          4    ###....
 Petrify                  Tmut/Erth      ####....     4%          4    ###....
 Alistair's Intoxication  Tmut/Pois      ####....     12%         5    #####..
 Aura of Abjuration       Summ           ####......   12%         5    #####..
 Lee's Rapid Deconstruct  Erth           ####......   12%         5    #####..
 Metabolic Englaciation   Hex/Ice        ####......   12%         5    #####..
 Silence                  Hex/Air        ####......   12%         5    #####..
 Deflect Missiles         Chrm/Air       ####......   54%         6    ######.
 Invisibility             Hex            ####....     54%         6    ######.
 Shadow Creatures         Summ           N/A          54%         6    ######.
 Discord                  Hex            ####......   100%        8    #######


Dungeon Overview and Level Annotations

Branches:
Dungeon (12/15)            Temple (0/1) D:7            Lair (6/6) D:9
  Snake (4/4) Lair:2        Slime (0/5) Lair:5          Orc (2/2) D:9
    Elf (0/3) Orc:2       Ossuary (visited)
  Swamp: Lair:2-4    Shoals: Lair:2-4

Altars:
Dithmenos
Fedhas
Hepliaklqana
Kikubaaqudgha
Makhleb
Nemelex Xobeh
Qazlal
Trog
Wu Jian
Yredelemnul
Zin
Jiyva

Shops:
D:5 (*   Orc:2 !}%=   Snake:1 *   Snake:4 (

Portals:
Trove: D:11 (give 2 scrolls of acquirement)

Annotations:
D:12 1 transporter, Johnny's ghost, journeyman TrBe


Innate Abilities, Weirdness & Mutations

Your experience applies equally to all skills.
You have very sharp teeth.
Your uncanny sense of smell can sniff out nearby items.
You are partially covered in large bone plates. (SH +4)
Your body sometimes deteriorates upon taking damage.
Your magical capacity is low. (-10% MP)


Message History

The nagaraja casts a spell at you. The bolt of poison misses you.
The nagaraja gestures at you while chanting.
The bolt of poison hits you! You resist.
* * * LOW HITPOINT WARNING * * *
Casting: Summon Mana Viper (slightly dangerous; 12% risk of failure)
Confirm with . or Enter, or press ? or * to list all spells.
A chill wind blows around you.
You feel less protected from physical attacks.
The nagaraja hits you with a +0 club!
* * * LOW HITPOINT WARNING * * *
Your body deteriorates!
You feel clumsy.
You feel protected from physical attacks.
The nagaraja grabs you. The nagaraja constricts you.
You barely miss the nagaraja.
The nagaraja is almost dead.
The nagaraja gestures at you while chanting.
The orb of energy hits you!!
You feel more protected from physical attacks.
You die...

####################
##(..°.○☼...........##
#...○N[[○............##
##...Y.@########.......#
##.....### ##........
##......## #.........
#......Y.########.......##
###........##...........(###
##.........................##
##....#.........(#########...#
#....##.......)### ##..#
#############.()# #########..


You could see a nagaraja and a friendly ice beast.

Vanquished Creatures
  Nikola (Snake:1)
  Gastronok (D:8)
  Donald (Snake:1)
  A nagaraja (Snake:4)
  Erolcha (D:10)
  4 naga warriors
  7 hydras
  6 anacondas
  A two-headed ogre (D:12)
  Erica (Orc:1)
  5 death yaks (Lair:6)
  2 orc high priests (Orc:2)
  2 naga sharpshooters
  2 shock serpents (Snake:1)
  Sonja (D:12)
  3 salamander mystics (Snake:3)
  A deep troll (D:10)
  3 naga ritualists
  Pikel (D:8)
  2 mana vipers
  2 orc knights (Orc:2)
  2 oklob plants (Lair:4)
  5 orc sorcerers (Orc:2)
  7 salamanders
  3 elephants (Lair:6)
  23 black mambas
  A cyclops (D:11)
  Psyche (D:12)
  4 naga magi
  A guardian serpent (Snake:3)
  7 spiny frogs
  A rime drake (Lair:3)
  3 komodo dragons
  11 trolls
  4 polar bears
  16 blink frogs
  7 hornets (Lair:6)
  2 dream sheep (D:9)
  Sigmund (D:2)
  7 hippogriffs
  9 spriggans (Lair:6)
  16 yaks
  A shadow (D:12)
  5 wyverns
  2 humans
  A hungry ghost (D:10)
  A basilisk (Lair:4)
  A neqoxec (Abyss:2)
  3 vampire mosquitoes (D:7)
  19 nagas
  2 swamp worms (Lair:3)
  3 wargs
  Menkaure (D:4)
  22 water moccasins
  7 porcupines
  9 orc warriors
  4 slaves (D:8)
  2 black bears
  An eye of draining (D:5)
  5 ice beasts
  5 sky beasts
  7 ogres
  A phantom (D:5)
  A boggart (Lair:6)
  25 wolves
  7 centaurs
  10 crocodiles
  4 big kobolds
  A gnoll sergeant (D:8)
  23 bullfrogs
  2 scorpions
  8 killer bees
  4 wights
  3 electric eels
  5 howler monkeys
  7 crimson imps
  A jelly (D:9)
  2 centaur zombies (Ossuary)
  A centaur skeleton (D:7)
  12 hounds
  Crazy Yiuf (D:7)
  2 bullfrog skeletons
  A human zombie (Ossuary)
  11 orc priests
  12 orc wizards
  Jessica (D:2)
  A hell rat (D:7)
  3 iguanas
  A polar bear simulacrum (Lair:6)
  16 worker ants
  2 wolf simulacra (Lair:6)
  3 yak simulacra (Lair:6)
  A big kobold zombie (Ossuary)
  A centaur simulacrum (D:8)
  A hound skeleton (D:5)
  3 mummies (Ossuary)
  A worker ant zombie (D:7)
  6 gnolls
  12 adders
  6 river rats (D:7)
  4 shadow imps
  A white imp (D:8)
  2 ufetubi
  3 oozes
  3 adder skeletons
  3 adder zombies (Ossuary)
  3 worms
  4 dart slugs
  5 leopard geckos
  50 orcs
  8 bats
  4 giant cockroaches
  11 goblins
  9 hobgoblins
  29 jackals
  13 quokkas
  2 ball pythons
  5 frilled lizards
  A giant cockroach zombie (D:5)
  2 goblin zombies (Ossuary)
  2 hobgoblin zombies (Ossuary)
  6 jackal zombies (Ossuary)
  10 kobolds
  4 kobold zombies (Ossuary)
  A leopard gecko skeleton (D:7)
  2 orc zombies (Ossuary)
  6 quokka zombies (Ossuary)
  23 rats
  5 rat zombies (Ossuary)
  A river rat simulacrum (Lair:6)
  2 snaplasher vines (Snake:2)
706 creatures vanquished.

Vanquished Creatures (collateral kills)
  Jorgrun (Orc:1)
  Kirke (Lair:6)
  A nagaraja (Snake:3)
  Aizul (Snake:1)
  5 naga warriors
  An anaconda (Snake:1)
  Urug (Orc:2)
  A naga sharpshooter (Snake:2)
  An orc high priest (Orc:2)
  2 shock serpents
  An iron troll (D:9)
  3 orc knights
  An ugly thing (D:12)
  3 orc sorcerers
  2 mana vipers
  An elephant (Lair:6)
  13 black mambas
  10 salamanders
  2 guardian serpents (Snake:2)
  2 naga magi
  2 spiny frogs (Lair:6)
  A centaur skeleton (D:12)
  A gargoyle (D:12)
  2 rime drakes (Lair:6)
  A polar bear (Lair:6)
  A hornet (Lair:6)
  4 dream sheep (Lair:6)
  A hippogriff (Lair:3)
  4 spriggans (Lair:6)
  A human (Lair:6)
  A hog (Lair:6)
  11 nagas
  2 wargs
  A water moccasin (Lair:6)
  An ice beast (D:12)
  6 orc warriors
  2 boggarts (Lair:6)
  2 black bears (Lair:6)
  5 wolves (Lair:6)
  2 ogres
  A crocodile (D:12)
  A scorpion (D:12)
  3 wights (D:9)
  A hound (D:12)
  3 orc priests (Orc:2)
  2 orc wizards (Orc:2)
  A polar bear simulacrum (Lair:6)
  2 yak simulacra (Lair:6)
  5 orcs (Orc:1)
  A river rat simulacrum (Lair:6)
  A plant (Lair:6)
125 creatures vanquished.

Vanquished Creatures (others)
  A naga sharpshooter (Snake:3)
  A necromancer (Lair:6)
  A black mamba (Snake:3)
  A human (Lair:6)
  An ogre (D:6)
  2 bushes
  5 fungi
  9 plants
  2 withered plants (D:6)
23 creatures vanquished.

Grand Total: 854 creatures vanquished

Notes
Turn   | Place    | Note
-------+----------+-------------------------------------------
     0 | D:1      | FishyPogo the Gnoll Monk began the quest for the Orb.
     0 | D:1      | Reached XP level 1. HP: 23/23 MP: 1/1
   190 | D:1      | Reached XP level 2. HP: 29/29 MP: 2/2
   231 | D:2      | Noticed Jessica
   296 | D:2      | Killed Jessica
   296 | D:2      | Reached skill level 1 in Invocations
   296 | D:2      | Reached XP level 3. HP: 30/35 MP: 2/4
   373 | D:3      | Reached skill level 1 in Short Blades
   373 | D:3      | Reached skill level 1 in Long Blades
   373 | D:3      | Reached skill level 1 in Axes
   373 | D:3      | Reached skill level 1 in Maces & Flails
   373 | D:3      | Reached skill level 1 in Staves
   373 | D:3      | Reached skill level 1 in Slings
   373 | D:3      | Reached skill level 1 in Bows
   373 | D:3      | Reached skill level 1 in Crossbows
   373 | D:3      | Reached skill level 1 in Throwing
   373 | D:3      | Reached skill level 1 in Armour
   373 | D:3      | Reached skill level 1 in Shields
   373 | D:3      | Reached skill level 1 in Unarmed Combat
   373 | D:3      | Reached skill level 1 in Spellcasting
   373 | D:3      | Reached skill level 1 in Evocations
   378 | D:3      | Reached XP level 4. HP: 31/41 MP: 5/5
   438 | D:3      | Found a sparkling altar of Nemelex Xobeh.
   438 | D:3      | Found a hazy altar of Hepliaklqana.
   439 | D:3      | Found a blossoming altar of Fedhas.
   441 | D:3      | Found a stormy altar of Qazlal.
   443 | D:3      | Found a basalt altar of Yredelemnul.
   451 | D:3      | Became a worshipper of Qazlal Stormbringer
   451 | D:3      | Reached * piety under Qazlal
   451 | D:3      | Reached ** piety under Qazlal
   503 | D:2      | Noticed a moth of wrath
   505 | D:2      | Found a bloodstained altar of Trog.
  1240 | D:2      | Noticed Sigmund
  1274 | D:2      | Killed Sigmund
  1274 | D:2      | Reached skill level 1 in Conjurations
  1274 | D:2      | Reached skill level 1 in Hexes
  1274 | D:2      | Reached skill level 1 in Charms
  1274 | D:2      | Reached skill level 1 in Summonings
  1274 | D:2      | Reached skill level 1 in Necromancy
  1274 | D:2      | Reached skill level 1 in Translocations
  1274 | D:2      | Reached skill level 1 in Transmutations
  1274 | D:2      | Reached skill level 1 in Fire Magic
  1274 | D:2      | Reached skill level 1 in Ice Magic
  1274 | D:2      | Reached skill level 1 in Air Magic
  1274 | D:2      | Reached skill level 1 in Earth Magic
  1274 | D:2      | Reached skill level 1 in Poison Magic
  1274 | D:2      | Reached XP level 5. HP: 40/47 MP: 5/7
  1274 | D:2      | Reached XP level 6. HP: 45/53 MP: 5/8
  1906 | D:3      | Reached *** piety under Qazlal
  2253 | D:4      | Reached XP level 7. HP: 59/59 MP: 10/10
  2297 | D:4      | Got a jewelled ring mail
  2308 | D:4      | Identified the cursed +1 ring mail "Jishry" {Int+8} (You
                  | found it on level 4 of the Dungeon)
  2378 | D:4      | Noticed Menkaure
  2410 | D:4      | Gained mutation: You are somewhat resistant to further
                  | mutation. [potion of mutation]
  2410 | D:4      | Gained mutation: You are partially covered in large bone
                  | plates. (SH +4) [potion of mutation]
  2412 | D:4      | Killed Menkaure
  2413 | D:4      | Lost mutation: You are somewhat resistant to further
                  | mutation. [potion of mutation]
  2413 | D:4      | Gained mutation: Your magical capacity is low. (-10% MP)
                  | [potion of mutation]
  2413 | D:4      | Gained mutation: Your muscles are strong. (Str +2) [potion
                  | of mutation]
  2730 | D:4      | Found a glowing silver altar of Zin.
  2871 | D:5      | Entered Level 5 of the Dungeon
  2876 | D:5      | Reached skill level 5 in Stealth
  2906 | D:5      | Reached XP level 8. HP: 63/67 MP: 9/11
  2918 | D:4      | Reached **** piety under Qazlal
  3224 | D:5      | Noticed a wyvern
  3229 | D:5      | Killed a wyvern
  3275 | D:5      | Found Xopoi's General Store.
  3301 | D:5      | Found a shadowy altar of Dithmenos.
  3321 | D:5      | Found Libaps's Antique Weapon Emporium.
  3365 | D:5      | Found a sand-covered staircase.
  3374 | Ossuary  | Entered an ossuary
  3404 | Ossuary  | Reached XP level 9. HP: 72/72 MP: 13/13
  4021 | D:6      | Reached ***** piety under Qazlal
  4092 | D:6      | Found an ancient bone altar of Kikubaaqudgha.
  4733 | D:7      | Reached skill level 5 in Invocations
  4875 | D:7      | Found a staircase to the Ecumenical Temple.
  5000 | D:7      | Reached XP level 10. HP: 59/80 MP: 15/15
  5226 | D:7      | Learned a level 3 spell: Confuse
  5284 | D:7      | Reached skill level 5 in Short Blades
  5284 | D:7      | Reached skill level 5 in Long Blades
  5284 | D:7      | Reached skill level 5 in Axes
  5284 | D:7      | Reached skill level 5 in Maces & Flails
  5284 | D:7      | Reached skill level 5 in Staves
  5284 | D:7      | Reached skill level 5 in Slings
  5284 | D:7      | Reached skill level 5 in Bows
  5284 | D:7      | Reached skill level 5 in Crossbows
  5284 | D:7      | Reached skill level 5 in Throwing
  5284 | D:7      | Reached skill level 5 in Armour
  5284 | D:7      | Reached skill level 5 in Shields
  5284 | D:7      | Reached skill level 5 in Unarmed Combat
  5284 | D:7      | Reached skill level 5 in Spellcasting
  5284 | D:7      | Reached skill level 5 in Evocations
  5592 | D:7      | Found a runed translucent door.
  5595 | D:7      | Noticed Crazy Yiuf
  5607 | D:7      | Killed Crazy Yiuf
  5611 | D:7      | Got a brightly glowing mace
  5612 | D:7      | Identified the +7 mace "Ygoaceme" {crush, +Rage rC++ MR+
                  | Stlth-} (You found it on level 7 of the Dungeon)
  5918 | D:8      | Reached ****** piety under Qazlal
  5962 | D:8      | Noticed Gastronok
  5995 | D:8      | Killed Gastronok
  6010 | D:8      | Found an ornate altar of the Wu Jian Council.
  6010 | D:8      | Found a burning altar of Makhleb.
  6466 | D:9      | Noticed Pikel
  6476 | D:9      | Reached XP level 11. HP: 77/87 MP: 17/17
  6488 | D:8      | Killed Pikel
  6596 | D:9      | HP: 1/87 [ogre/+0 giant club (7)]
  6835 | D:8      | Reached skill level 5 in Conjurations
  6835 | D:8      | Reached skill level 5 in Hexes
  6835 | D:8      | Reached skill level 5 in Charms
  6835 | D:8      | Reached skill level 5 in Summonings
  6835 | D:8      | Reached skill level 5 in Necromancy
  6835 | D:8      | Reached skill level 5 in Translocations
  6835 | D:8      | Reached skill level 5 in Transmutations
  6835 | D:8      | Reached skill level 5 in Fire Magic
  6835 | D:8      | Reached skill level 5 in Ice Magic
  6835 | D:8      | Reached skill level 5 in Air Magic
  6835 | D:8      | Reached skill level 5 in Earth Magic
  6835 | D:8      | Reached skill level 5 in Poison Magic
  6967 | D:9      | Found a staircase to the Orcish Mines.
  7219 | D:9      | Noticed a three-headed hydra
  7231 | D:9      | Killed a three-headed hydra
  7292 | D:9      | Found a staircase to the Lair.
  7607 | D:10     | Entered Level 10 of the Dungeon
  7770 | D:10     | Noticed Erolcha
  7775 | D:10     | Killed Erolcha
  8188 | D:10     | Noticed an iron troll
  8296 | D:9      | Killed an iron troll
  8296 | D:9      | Reached XP level 12. HP: 31/96 MP: 9/19
  8319 | D:9      | Learned a level 4 spell: Summon Ice Beast
  9610 | D:11     | Found a portal to a secret trove of treasure.
 10025 | D:12     | Learned a level 4 spell: Throw Icicle
 10076 | D:12     | Learned a level 5 spell: Yara's Violent Unravelling
 10165 | D:12     | Noticed a two-headed ogre
 10205 | D:12     | Killed a two-headed ogre
 10469 | D:12     | Noticed Psyche
 10484 | D:12     | Killed Psyche
 10534 | D:12     | Noticed Sonja
 10656 | D:12     | Cast into level 2 of the Abyss (Sonja)
 10716 | D:12     | Escaped the Abyss
 10846 | D:12     | Killed Sonja
 10853 | D:12     | Found a transporter.
 10854 | D:12     | Noticed Johnny's ghost (journeyman TrBe)
 10855 | D:12     | Identified the +11 dire flail "Ypne" {freeze, *Rage Dex+7
                  | Stlth+}
 10855 | D:12     | Noticed a two-headed ogre
 10855 | D:12     | Noticed a two-headed ogre
 10856 | D:12     | Noticed a two-headed ogre
 11232 | Lair:1   | Entered Level 1 of the Lair of Beasts
 11261 | Lair:1   | Noticed a four-headed hydra
 11268 | Lair:1   | Killed a four-headed hydra
 11268 | Lair:1   | Reached skill level 10 in Fighting
 11268 | Lair:1   | Reached skill level 10 in Polearms
 11268 | Lair:1   | Reached skill level 10 in Dodging
 12005 | Lair:1   | Reached XP level 13. HP: 103/103 MP: 22/22
 12288 | Lair:2   | Got a transparent leather armour
 12299 | Lair:2   | Identified the +3 leather armour of Yredelemnul's Hatred
                  | {rF+ Int+9} (You found it on level 2 of the Lair of Beasts)
 12366 | Lair:2   | Learned a level 1 spell: Apportation
 12513 | Lair:2   | Found a staircase to the Snake Pit.
 13850 | Lair:3   | Got an amethyst-encrusted plate armour
 13861 | Lair:3   | Identified the +5 plate armour of Disguise {rCorr} (You
                  | found it on level 3 of the Lair of Beasts)
 13864 | Lair:4   | Found the +1 cloak of Starlight {rElec rC+ EV+4 Stlth--}
 14454 | Lair:4   | Got an ancient shortbow
 14465 | Lair:4   | Identified the +4 shortbow of Accidental Termination
                  | {venom, +Fly Str-5 Dex+4} (You found it on level 4 of the
                  | Lair of Beasts)
 14913 | Lair:5   | Found a viscous altar of Jiyva.
 14918 | Lair:5   | Found a staircase to the Slime Pits.
 15145 | Lair:5   | Learned a level 5 spell: Summon Demon
 15416 | Lair:6   | Entered Level 6 of the Lair of Beasts
 15430 | Lair:6   | Reached XP level 14. HP: 111/111 MP: 15/24
 15472 | Lair:6   | Noticed Kirke
 15480 | Lair:6   | Killed Kirke
 15794 | Lair:6   | Reached skill level 10 in Stealth
 15967 | Lair:6   | Learned a level 5 spell: Summon Mana Viper
 16390 | Orc:1    | Entered Level 1 of the Orcish Mines
 16399 | Orc:1    | Noticed Erica
 16409 | Orc:1    | Killed Erica
 16409 | Orc:1    | Reached skill level 10 in Invocations
 16457 | Orc:1    | Noticed Jorgrun
 16468 | Orc:1    | Killed Jorgrun
 16877 | Orc:2    | Entered Level 2 of the Orcish Mines
 16885 | Orc:2    | Noticed Urug
 16922 | Orc:2    | Gained mutation: Your body sometimes deteriorates upon
                  | taking damage. [a neqoxec]
 16923 | Orc:2    | Lost mutation: Your muscles are strong. (Str +2) [a
                  | neqoxec]
 16967 | Orc:2    | Killed Urug
 16989 | Orc:2    | Found a staircase to the Elven Halls.
 17013 | Orc:2    | Paralysed by an orc sorcerer for 3 turns
 17967 | Orc:2    | Found Zuusukkoipit's Jewellery Boutique.
 17967 | Orc:2    | Found Ceid's Food Boutique.
 17968 | Orc:2    | Found Jiste's Distillery.
 17973 | Orc:2    | Found Kigol's Gadget Emporium.
 18377 | Lair:6   | Identified the Reference Book on Intoxication
 18496 | Lair:6   | Reached XP level 15. HP: 119/119 MP: 25/25
 19119 | Snake:1  | Entered Level 1 of the Snake Pit
 19151 | Snake:1  | Noticed Nikola
 19178 | Lair:2   | Learned a level 5 spell: Summon Forest
 19328 | Snake:1  | Killed Nikola
 19368 | Snake:1  | Found Zykk's Assorted Antiques.
 19883 | Snake:1  | Noticed Aizul
 19956 | Snake:1  | Killed Aizul
 20441 | Snake:2  | Noticed Donald
 20471 | Snake:1  | Killed Donald
 20581 | Snake:2  | Reached skill level 10 in Short Blades
 20581 | Snake:2  | Reached skill level 10 in Long Blades
 20581 | Snake:2  | Reached skill level 10 in Axes
 20581 | Snake:2  | Reached skill level 10 in Maces & Flails
 20581 | Snake:2  | Reached skill level 10 in Staves
 20581 | Snake:2  | Reached skill level 10 in Slings
 20581 | Snake:2  | Reached skill level 10 in Bows
 20581 | Snake:2  | Reached skill level 10 in Crossbows
 20581 | Snake:2  | Reached skill level 10 in Throwing
 20581 | Snake:2  | Reached skill level 10 in Armour
 20581 | Snake:2  | Reached skill level 10 in Shields
 20581 | Snake:2  | Reached skill level 10 in Unarmed Combat
 20581 | Snake:2  | Reached skill level 10 in Spellcasting
 20581 | Snake:2  | Reached skill level 10 in Evocations
 21261 | Snake:3  | Noticed a nagaraja
 21295 | Snake:3  | Killed a nagaraja
 22239 | Snake:3  | Got a dazzling glaive
 22267 | Snake:3  | Identified the +2 glaive of the Firefly {elec, rC+ rN++
                  | Int+3 Dex-4} (You found it on level 3 of the Snake Pit)
 22285 | Snake:3  | Reached XP level 16. HP: 91/127 MP: 8/27
 22490 | Snake:4  | Entered Level 4 of the Snake Pit
 22527 | Snake:4  | Found Yguobed's Weapon Boutique.
 22546 | Snake:4  | Noticed a nagaraja
 22562 | Snake:4  | Killed a nagaraja
 22575 | Snake:4  | Noticed a nagaraja
 22582 | Snake:4  | Noticed a nagaraja
 23182 | Snake:4  | Noticed a nagaraja
 23503 | Snake:4  | Noticed a nagaraja
 23525 | Snake:3  | Killed from afar by a nagaraja

Levels and vault maps discovered:
D:1:      giann_forest_graveyard, layout_loops_ring, minivault_23,
          chequers_serial_rivers_large_b
D:2:      layout_rooms, tgw_trog, first_ration, grunt_decor_fettered,
          minmay_tromino_v4_b, uniq_sigmund, uniq_jessica
D:3:      layout_rooms, minitemple, serial_curves, eino_curves_02,
          eino_curves_01, eino_curves_04
D:4:      layout_cave_pools, lemuel_doored_altar, uniq_menkaure
D:5:      layout_rooms, serial_shops, shop, nicolae_ossuary_entry_ruins,
          basic_altar, kennysheep_windowed_goal
D:6:      layout_loops_ring, kiku_gazebo_garden_becter
D:7:      lemuel_ratsnest, layout_basic, minmay_temple_entry_antechambers,
          minmay_fractal_squares_5, uniq_crazy_yiuf_cottage
D:8:      layout_basic, amethyst_overflow_temple_binary, serial_ice,
          serial_ice_f, serial_ice_l, serial_ice_m, serial_ice_h, serial_ice_c,
          uniq_gastronok
D:9:      layout_roguey, lair_entry_dummy, erik_orc_4, hangedman_ranch
          [blue_anna_fruit_fields], uniq_pikel
D:10:     lemuel_troll_bridge, layout_irregular_city, uniq_erolcha
D:11:     layout_irregular_city, enter_trove_1
D:12:     layout_loops_corners, gammafunk_ghost_smash,
          chequers_serial_rivers_small_3, uniq_psyche, uniq_sonja
Lair:1:   layout_chaotic_city, grunt_megastairs_2
Lair:2:   layout_cave_pods, minmay_snake_entry_six_corridors, st_stairs_10,
          grunt_megastairs_4
Lair:3:   layout_loops_ring, nicolae_swamp_entry_splash_gauntlet,
          lemuel_fruit_tree, serial_bayou_shore_a, infiniplex_staircase_pool
Lair:4:   layout_roguey, minmay_hedge_maze, minmay_lair_oklob_chamber,
          serial_bayou_shore_b, grunt_megastairs_1
Lair:5:   layout_long_grid, slime_altar_1, serial_bayou_pond_c
Lair:6:   minmay_lair_end_enchanted_forest, layout_concentric_octagons,
          eino_house_with_fridge, serial_bayou_shore_b, uniq_kirke
Snake:1:  layout_grid_maze, serial_shops, nicolae_shop_crystal, uniq_nikola,
          uniq_aizul
Snake:2:  layout_misc_corridors, serial_bayou_shore_b, uniq_donald
Snake:3:  cheibrodos_snake_lava_hold, layout_onion
Snake:4:  snake_pit, layout_cave_town, serial_shops, shop, shop_scrolls, shop,
          nicolae_shop_waterfront, shop, eino_curves_02, uniq_mara
Orc:1:    layout_caves, nicolae_orc_flooded_monolith, uniq_erica, uniq_jorgrun
Orc:2:    st_orc_elflike, layout_diamond_mine, uniq_urug

Skill      XL: |  1  2  3  4  5  6  7  8  9 10 11 12 13 14 15 |
---------------+----------------------------------------------+-----
Invocations    | 1 2 3 4 5 6 7 8 9 10 11 | 11.4
Short Blades   | 1 2 3 4 5 6 7 8 9 10 | 10.5
Long Blades    | 1 2 3 4 5 6 7 8 9 10 | 10.5
Axes           | 1 2 3 4 5 6 7 8 9 10 | 10.5
Maces & Flails | 1 2 3 4 5 6 7 8 9 10 | 10.5
Staves         | 1 2 3 4 5 6 7 8 9 10 | 10.5
Slings         | 1 2 3 4 5 6 7 8 9 10 | 10.5
Bows           | 1 2 3 4 5 6 7 8 9 10 | 10.5
Crossbows      | 1 2 3 4 5 6 7 8 9 10 | 10.5
Throwing       | 1 2 3 4 5 6 7 8 9 10 | 10.5
Armour         | 1 2 3 4 5 6 7 8 9 10 | 10.5
Shields        | 1 2 3 4 5 6 7 8 9 10 | 10.5
Unarmed Combat | 1 2 3 4 5 6 7 8 9 10 | 10.5
Spellcasting   | 1 2 3 4 5 6 7 8 9 10 | 10.5
Evocations     | 1 2 3 4 5 6 7 8 9 10 | 10.5
Conjurations   | 1 2 3 4 5 6 7 8 |  8.9
Hexes          | 1 2 3 4 5 6 7 8 |  8.9
Charms         | 1 2 3 4 5 6 7 8 |  8.9
Summonings     | 1 2 3 4 5 6 7 8 |  8.9
Necromancy     | 1 2 3 4 5 6 7 8 |  8.9
Translocations | 1 2 3 4 5 6 7 8 |  8.9
Transmutations | 1 2 3 4 5 6 7 8 |  8.9
Fire Magic     | 1 2 3 4 5 6 7 8 |  8.9
Ice Magic      | 1 2 3 4 5 6 7 8 |  8.9
Air Magic      | 1 2 3 4 5 6 7 8 |  8.9
Earth Magic    | 1 2 3 4 5 6 7 8 |  8.9
Poison Magic   | 1 2 3 4 5 6 7 8 |  8.9
Fighting       | 7 8 9 10 11 12 | 12.2
Polearms       | 7 8 9 10 11 12 | 12.2
Dodging        | 7 8 9 10 11 12 | 12.2
Stealth        | 5 6 7 8 9 10 11 | 11.3

Action                   |  1- 3 |  4- 6 |  7- 9 | 10-12 | 13-15 | 16-18 || total
-------------------------+-------+-------+-------+-------+-------+-------++-------
Melee: Spear             |    72 |   129 |       |       |       |       ||   201
       Bite              |     4 |    26 |    52 |   107 |   162 |    29 ||   380
       Punch             |       |     3 |     8 |    29 |     1 |    10 ||    51
       Short sword       |       |    95 |   160 |   106 |       |       ||   361
       War axe           |       |       |   223 |    26 |       |       ||   249
       Mace              |       |       |       |   538 |   911 |   142 ||  1591
       Staff             |       |       |       |     6 |    47 |       ||    53
       Scythe            |       |       |       |     3 |       |       ||     3
Throw: Stone             |       |       |    10 |       |    13 |       ||    23
       Boomerang         |       |       |     8 |    14 |    49 |       ||    71
       Dart              |       |       |       |    38 |    25 |       ||    63
 Cast: Confuse           |       |       |       |    11 |    14 |       ||    25
       Summon Ice Beast  |       |       |       |    17 |    47 |     9 ||    73
       Yara's Violent Un |       |       |       |     4 |       |       ||     4
       Throw Icicle      |       |       |       |       |    44 |       ||    44
       Summon Demon      |       |       |       |       |    55 |     5 ||    60
       Apportation       |       |       |       |       |     2 |       ||     2
       Summon Mana Viper |       |       |       |       |    63 |     5 ||    68
       Summon Forest     |       |       |       |       |     6 |       ||     6
Invok: Elemental Force   |       |       |       |     3 |     2 |     2 ||     7
       Upheaval          |       |       |       |     1 |       |       ||     1
       Disaster Area     |       |       |       |       |     4 |     2 ||     6
 Abil: Evoke Berserk Rag |       |       |       |       |     1 |       ||     1
Evoke: Wand              |       |       |       |       |     4 |       ||     4
  Use: Scroll            |     2 |       |     3 |    12 |    11 |     1 ||    29
       Potion            |       |       |     6 |     7 |     3 |       ||    16
 Stab: Sleeping          |     5 |       |       |       |       |       ||     5
       Distracted        |       |     1 |       |       |    11 |     2 ||    14
       Confused          |       |       |       |     2 |     9 |       ||    11
  Eat: Chunk             |       |     5 |     9 |    26 |    55 |     7 ||   102
       Ration            |       |       |       |       |     6 |     1 ||     7
Armor: Robe              |    18 |    27 |    14 |       |       |       ||    59
       Ring mail         |       |       |    43 |   136 |    63 |    29 ||   271
       Plate armour      |       |       |       |       |    43 |       ||    43
       Leather armour    |       |       |       |       |    25 |       ||    25
Dodge: Dodged            |    56 |   121 |   200 |   444 |   440 |   141 ||  1402
       Deflected         |       |       |     4 |     9 |    23 |    24 ||    60
Block: Other             |       |    24 |   177 |   395 |    36 |   113 ||   745
       Shield            |       |       |       |    80 |  1192 |       ||  1272
       Reflection        |       |       |       |       |    38 |       ||    38
